 Dungeon Crawl Stone Soup version 0.31-a0-115-g4708a659fe (console) character file.

Game seed: 8015234679058467006

49554 Ignak the Fighter (level 14, -5/146 HPs)
             Began as an Ogre Hedge Wizard on May 29, 2023.
             Was a High Priest of Okawaru.
             Slain by an ice devil (9 damage)
             ... in an ice cave.
             The game lasted 01:31:41 (26816 turns).

Ignak the Fighter (Ogre Hedge Wizard)              Turns: 26816, Time: 01:31:41

Health: -5/146     AC: 16    Str: 19    XL:     14   Next: 51%
Magic:  10/25      EV: 12    Int: 17    God:    Okawaru [*****.]
Gold:   466        SH:  0    Dex:  8    Spells: 1/32 levels left

rFire   x . .        a - +2 morningstar (drain)
rCold   + . .        (no shield)
rNeg    + + .        E - +0 acid dragon scales
rPois   +            A - +2 hat
rElec   +            L - +0 cloak "Ackepnu" {rPois rN++ Will- SInv}
rCorr   +            (gloves unavailable)
SInv    +            (boots unavailable)
Will    .....        f - amulet of the acrobat
Stlth   +++          p - ring of ice
HPRegen 0.44/turn    t - +4 ring of protection
MPRegen 0.19/turn

%: acrobat
@: heroic, invisible
A: large, unfitting armour, tough skin 1, claws 1, low MP 1, electricity
resistance
a: Renounce Religion, Heroism, Finesse, Duel


You were in an ice cave.
You worshipped Okawaru.
Okawaru was extremely pleased with you.
You visited 4 branches of the dungeon, and saw 17 of its levels.
You also visited: Gauntlet, Ice Cave and Volcano.

You collected 1546 gold pieces.
You spent 1080 gold pieces at shops.

Inventory:

Hand Weapons
 a - a +2 morningstar of draining (weapon)
 b - the +0 hand axe of Departure {protect, rF+ rN++ Will- SInv}
   (You found it on level 5 of the Dungeon)

   rF:        It protects you from fire.
   rN:        It greatly protects you from negative energy.
   SInv:      It lets you see invisible.
   Will:      It decreases your willpower.
 c - a +1 whip of venom
 v - a +5 mace of freezing
 F - a +5 halberd of freezing
 N - the +10 whip of the Loving Genius {heavy, Contam *Corrode rN+++ Str+3}
   (You took it off a minotaur in a Gauntlet)

   Str:       It affects your strength (+3).
   rN:        It renders you almost immune to negative energy.
   Contam:    It causes magical contamination when unequipped.
   *Corrode:  It may corrode you when you take damage.
 Q - a +0 broad axe
 R - a +4 mace of flaming
Missiles
 g - 17 poisoned darts
 s - 8 large rocks (quivered)
 H - 2 throwing nets
Armour
 e - a +2 robe of fire resistance
 k - a +0 cloak
 A - a +2 hat (worn)
 E - +0 acid dragon scales (worn)
 K - the +0 kite shield of Okawaru's Condemnation {*Corrode Will+++ Int+2}
   (Okawaru gifted it to you on level 10 of the Dungeon)

   Int:       It affects your intelligence (+2).
   *Corrode:  It may corrode you when you take damage.
   Will:      It greatly increases your willpower.
 L - the +0 cloak "Ackepnu" (worn) {rPois rN++ Will- SInv}
   (You found it in a Gauntlet)

   rPois:     It protects you from poison.
   rN:        It greatly protects you from negative energy.
   SInv:      It lets you see invisible.
   Will:      It decreases your willpower.
Jewellery
 f - an amulet of the acrobat (around neck)
 o - a ring of wizardry
 p - a ring of ice (left claw)
 t - a +4 ring of protection (right claw)
 u - a ring of willpower
 M - a ring of willpower
 X - a ring of positive energy
Wands
 n - a wand of quicksilver (3)
 w - a wand of iceblast (22)
 D - a wand of flame (20)
 J - a wand of digging (8)
Scrolls
 q - 4 scrolls of teleportation
 r - 3 scrolls of fog
 y - a scroll of blinking
 z - 3 scrolls of identify
 C - 5 scrolls of vulnerability
 T - a scroll of enchant armour
 U - 2 scrolls of enchant weapon
 Y - a scroll of poison
Potions
 d - a potion of mutation
 h - 2 potions of curing
 i - a potion of enlightenment
 j - a potion of degeneration {unknown}
 l - a potion of attraction {unknown}
 x - a potion of brilliance
 B - 2 potions of might
 I - 3 potions of lignification
 S - a potion of cancellation
Miscellaneous
 P - a tin of tremorstones (inert)


   Skills:
 + Level 11.0(16.0) Fighting
 - Level 2.6(11.3) Axes
 + Level 8.2(13.4) Maces & Flails
 - Level 4.0(9.0) Armour
 + Level 7.8(12.8) Dodging
 - Level 1.4(6.4) Stealth
 + Level 9.8 Spellcasting
 - Level 8.0 Conjurations
 - Level 1.0 Summonings
 - Level 3.0 Translocations
 - Level 8.0 Fire Magic
 - Level 3.0 Ice Magic
 * Level 5.3 Air Magic
 - Level 7.1 Poison Magic
 + Level 7.7 Invocations


You had one spell level left.
You knew the following spells:

 Your Spells              Type           Power      Damage    Failure   Level
a - Shock                 Conj/Air       100%       1d9       1%          1
b - Blink                 Tloc           36%        N/A       4%          2
c - Frozen Ramparts       Ice            54%        1d9       10%         3
d - Mephitic Cloud        Conj/Pois/Air  31%        N/A       1%          3
e - Magic Dart            Conj           100%       1d8       1%          1
f - Fireball              Conj/Fire      17%        3d9       11%         5
g - Swiftness             Air            26%        N/A       3%          3
h - Starburst             Conj/Fire      17%        6d6       52%         6
q - Volatile Blastmotes   Fire/Tloc      54%        2d14      3%          3
z - Olgreb's Toxic Radia  Pois           32%        N/A       5%          4

Your spell library contained the following spells:

 Spells                   Type           Power      Damage    Failure   Level
 Foxfire                  Conj/Fire      100%       2x1d9     1%          1
 Kiss of Death            Conj/Necr      84%        2d11      1%          1
 Sting                    Tmut/Pois      80%        1d7       2%          1
 Freeze                   Ice            100%       1d10      3%          1
 Slow                     Hex            32%        N/A       11%         1
 Momentum Strike          Conj/Tloc      54%        3d9       1%          2
 Poisonous Vapours        Pois/Air       58%        N/A       1%          2
 Cigotuvi's Dreadful Rot  Necr/Pois/Air  44%        N/A       3%          2
 Hailstorm                Conj/Ice       40%        3d10      3%          3
 Lesser Beckoning         Tloc           36%        N/A       4%          2
 Dazzling Flash           Conj/Hex       42%        N/A       6%          3
 Vhi's Electric Charge    Tloc/Air       44%        N/A       6%          3
 Iskenderun's Mystic Bla  Conj/Tloc      27%        2d7       11%         4
 Airstrike                Air            13%        2d(2-18)  12%         4
 Arcjolt                  Conj/Air       15%        1d25      19%         5
 Confusing Touch          Hex            8%         N/A       32%         3
 Vampiric Draining        Necr           8%         2d6       32%         3
 Dispel Undead            Necr           8%         3d8       71%         4
 Leda's Liquefaction      Hex/Erth       4%         N/A       71%         4
 Blade Hands              Tmut           4%         N/A       96%         5
 Lee's Rapid Deconstruct  Erth           4%         3d5*      96%         5
 Leda's Unmaking          Conj/Erth      10%        9d3       97%         6
 Statue Form              Tmut/Erth      5%         N/A       100%        6
 Lehudib's Crystal Spear  Conj/Erth      10%        10d4      100%        8
 Maxwell's Capacitive Co  Air            13%        ∞         100%        8
 Summon Small Mammal      Summ           Unusable   N/A       N/A         1
 Call Imp                 Summ           Unusable   N/A       N/A         2
 Call Canine Familiar     Summ           Unusable   N/A       N/A         3
 Summon Guardian Golem    Hex/Summ       Unusable   N/A       N/A         3
 Summon Lightning Spire   Summ/Air       Unusable   N/A       N/A         4
 Summon Ice Beast         Ice/Summ       Unusable   N/A       N/A         4
 Animate Armour           Summ/Erth      Unusable   N/A       N/A         4
 Summon Mana Viper        Hex/Summ       Unusable   N/A       N/A         5
 Death Channel            Necr           Unusable   N/A       N/A         6
 Monstrous Menagerie      Summ           Unusable   N/A       N/A         7

Dungeon Overview and Level Annotations

Branches:
Dungeon (11/15)            Temple (1/1) D:5            Lair (3/5) D:11
  Swamp (0/4) Lair:3        Snake (0/4) Lair:2          Orc (2/2) D:11
    Elf (0/3) Orc:2         IceCv (1/1)             Volcano (visited)
Gauntlet (visited)

Altars:
Ashenzari
Cheibriados
Dithmenos
Elyvilon
Fedhas
Gozag
Hepliaklqana
Kikubaaqudgha
Makhleb
Nemelex Xobeh
Okawaru
Qazlal
Ru
Sif Muna
Trog
Uskayaw
Vehumet
Wu Jian
Xom
Yredelemnul
Zin
The Shining One

Shops:
Orc:2 :?[[?

Annotations:
D:4 1 runed translucent door, anet's ghost, novice MiBe IceCv exclusion: ice statue


Innate Abilities, Weirdness & Mutations

You are too large for most types of armour.
You have tough skin. (AC +1)
You have sharp fingernails.
Your magical capacity is low. (-10% MP)
You are resistant to electric shocks. (rElec)


Message History

The ice devil is severely wounded.
You fade into invisibility!
The ice devil barely misses you.
You hit the ice devil.
The ice devil is severely wounded.
The ice devil misses you.
You completely miss the ice devil.
The ice devil is severely wounded.
The ice devil hits you but does no damage.
You impale the ice devil!!
You kill the ice devil!
Okawaru accepts your kill.
Your base Fighting skill increases to level 11!
You closely miss the ice devil.
The ice devil is moderately wounded.
You hit the ice devil but do no damage.
The ice devil is almost dead.
The ice devil hits you.
* * * LOW HITPOINT WARNING * * *
The ice devil freezes you! You resist.
* * * LOW HITPOINT WARNING * * *
You sock the ice devil!
You kill the ice devil!
Okawaru accepts your kill. The ice devil closely misses you.
You bludgeon the ice devil!!
The ice devil is severely wounded.
The ice devil hits you but does no damage.
You hit the ice devil.
The ice devil is almost dead.
The ice devil hits you!
* * * LOW HITPOINT WARNING * * *
The ice devil freezes you. You resist.
* * * LOW HITPOINT WARNING * * *
You barely miss the ice devil.
The ice devil is almost dead.
The ice devil hits you.
* * * LOW HITPOINT WARNING * * *
The ice devil freezes you! You resist.
You die...

#..#...#...#
#..#...4.## #
#....####(.#
##...###○.## #...##
#..## ##.####○#(# ##.##
##..## ####.§.○.# ###
#...## #..§§☼§.#
##....## ##..§○§#####
#......# ##.4#.###..##
##.....####..#####....#
#....4@.##....##.......
#..........#.......∩.∩.
#.........###..........
##......### ##..##....#
#.....## ######..##
#......# #### ##....##
##..## ####


You could see an ice devil (wandering, unable to see you).

Vanquished Creatures
  A minotaur (Gauntlet)
  A hydra (Gauntlet)
  Erica (Orc:1)
  A dancing weapon (Volcano)
  3 two-headed ogres
  3 death yaks
  2 orc high priests
  A swamp dragon (Lair:3)
  An orc knight (D:11)
  5 wizards (Volcano)
  Pikel (D:5)
  A cyclops (D:11)
  6 orc sorcerers
  A manticore (D:10)
  5 toenail golems (Volcano)
  A salamander (Lair:2)
  A torpor snail (Lair:2)
  2 black mambas (Lair:1)
  Maggie (D:8)
  An unseen horror (D:11)
  5 cane toads
  6 komodo dragons
  3 freezing wraiths (IceCv)
  9 ice devils
  2 anaconda simulacra (IceCv)
  7 trolls
  9 polar bears
  A dream sheep (D:10)
  12 blink frogs
  4 small abominations (Gauntlet)
  A shadow (D:9)
  2 dire elephant simulacra (IceCv)
  2 wraiths
  48 yaks
  4 wyverns
  A basilisk (Lair:3)
  A fire elemental (Lair:1)
  A hog (D:10)
  3 death yak simulacra (IceCv)
  A steam dragon (D:8)
  4 harpy simulacra (IceCv)
  An acid dragon (D:11)
  2 wargs
  Duvessa (D:5)
  9 water moccasins
  A hornet zombie (D:7)
  17 orc warriors
  2 ice beasts
  8 black bears
  A sky beast (D:6)
  9 wolves
  3 centaurs
  4 ogres
  A lemure (D:4)
  A kobold brigand (D:9)
  A wyvern zombie (D:7)
  9 bullfrogs
  A cane toad simulacrum (IceCv)
  2 scorpions (D:6)
  A two-headed ogre simulacrum (IceCv)
  8 wights
  Dowan (D:6)
  4 elephant simulacra (IceCv)
  7 killer bees
  3 electric eels
  2 bullfrog zombies (D:7)
  3 jellies (D:4)
  4 lava snakes (Lair:2)
  A centaur zombie (D:7)
  A gnoll bouda (D:7)
  25 orc priests
  3 hounds
  3 sleepcaps
  An iguana (D:5)
  Ijyb (D:5)
  Natasha (D:2)
  37 orc wizards
  3 hell rats (D:11)
  3 polar bear simulacra (IceCv)
  2 spriggan simulacra (IceCv)
  4 wolf simulacra (IceCv)
  2 howler monkey zombies (D:7)
  8 gnolls
  A naga simulacrum (IceCv)
  10 adders
  2 river rats (D:11)
  A shadow imp (D:6)
  2 white imps
  2 ufetubi
  2 dart slugs
  62 orcs
  7 ball pythons
  8 bats
  6 endoplasms
  A giant cockroach (D:2)
  10 goblins
  8 hobgoblins
  10 jackals
  11 kobolds
  5 quokkas
  3 frilled lizards
  4 rats
521 creatures vanquished.

Vanquished Creatures (collateral kills)
  A lemure (D:4)
  A hound (D:4)
  2 worms
  An orc (D:2)
  A hobgoblin (D:2)
  A jackal (D:3)
  A rat (D:2)
8 creatures vanquished.

Vanquished Creatures (others)
  An orc wizard (Orc:2)
  An orc (Orc:1)
2 creatures vanquished.

Grand Total: 531 creatures vanquished

Notes
Turn   | Place    | Note
-------+----------+-------------------------------------------
     0 | D:1      | Ignak the Ogre Hedge Wizard began the quest for the Orb.
     0 | D:1      | Reached XP level 1. HP: 16/16 MP: 5/5
   170 | D:1      | Reached skill level 1 in Translocations
   171 | D:1      | Reached skill level 1 in Conjurations
   171 | D:1      | Reached skill level 1 in Summonings
   432 | D:1      | Reached XP level 2. HP: 18/24 MP: 6/6
   443 | D:1      | Found a faded altar of an unknown god.
  1142 | D:2      | Reached skill level 1 in Fighting
  1142 | D:2      | Reached XP level 3. HP: 13/33 MP: 4/8
  1180 | D:2      | Learned a level 2 spell: Blink
  1183 | D:2      | Learned a level 2 spell: Call Imp
  1187 | D:2      | Learned a level 3 spell: Mephitic Cloud
  1774 | D:2      | Noticed Natasha
  1778 | D:2      | Learned a level 1 spell: Shock
  2363 | D:2      | Killed Natasha
  2364 | D:2      | Reached XP level 4. HP: 33/41 MP: 3/9
  3300 | D:3      | Reached skill level 2 in Fighting
  3300 | D:3      | Reached skill level 1 in Axes
  3300 | D:3      | Reached skill level 1 in Air Magic
  3300 | D:3      | Reached XP level 5. HP: 46/49 MP: 8/11
  3393 | D:3      | Found a shimmering altar of Xom.
  3429 | D:2      | Learned a level 3 spell: Volatile Blastmotes
  3898 | D:3      | Reached skill level 1 in Poison Magic
  4505 | D:4      | Reached XP level 6. HP: 57/57 MP: 2/12
  4617 | D:4      | Found a runed translucent door.
  4618 | D:4      | Noticed anet's ghost (novice MiBe)
  4666 | D:4      | Reached skill level 1 in Fire Magic
  5170 | D:5      | Entered Level 5 of the Dungeon
  5186 | D:5      | Noticed a water moccasin
  5187 | D:5      | Identified the +0 hand axe of Departure {protect, rF+ rN++
                  | Will- SInv}
  5207 | D:5      | Killed a water moccasin
  5210 | D:5      | HP: 3/88 [adder (2)]
  5218 | D:5      | Reached XP level 7. HP: 15/66 MP: 5/13
  5936 | D:5      | Noticed Pikel
  6130 | D:5      | Noticed Ijyb
  6382 | D:5      | Killed Ijyb
  6383 | D:5      | Reached skill level 3 in Fighting
  6389 | D:5      | Killed Pikel
  6390 | D:5      | Reached XP level 8. HP: 69/75 MP: 8/15
  6469 | D:5      | Found a staircase to the Ecumenical Temple.
  6478 | Temple   | Entered the Ecumenical Temple
  6606 | D:5      | Learned a level 4 spell: Olgreb's Toxic Radiance
  7124 | D:5      | Reached skill level 5 in Spellcasting
  7225 | D:5      | Found an ornate altar of the Wu Jian Council.
  7295 | D:5      | Noticed a two-headed ogre
  7337 | D:5      | Killed a two-headed ogre
  7338 | D:5      | Reached skill level 4 in Fighting
  7338 | D:5      | Reached XP level 9. HP: 43/85 MP: 2/17
  7742 | D:6      | Noticed Dowan
  7742 | D:6      | Noticed Duvessa
  7805 | D:6      | Killed Dowan
  7817 | D:5      | Killed Duvessa
  8082 | D:6      | Found a shimmering blue altar of Sif Muna.
  8083 | D:6      | Found an iron altar of Okawaru.
  8084 | D:6      | Found a white marble altar of Elyvilon.
  8084 | D:6      | Found a blossoming altar of Fedhas.
  8090 | D:6      | Became a worshipper of Warmaster Okawaru
  8149 | D:6      | Learned a level 3 spell: Swiftness
  8385 | D:6      | Reached skill level 5 in Fighting
  8685 | D:7      | Reached skill level 1 in Invocations
  9019 | D:7      | Found a basalt altar of Yredelemnul.
  9356 | D:7      | Reached * piety under Okawaru
 10112 | D:7      | Identified the +2 leather armour "Puihew" {Will+}
 10155 | D:7      | Reached XP level 10. HP: 18/96 MP: 2/19
 10969 | D:8      | Found an opulent altar of Gozag.
 11051 | D:8      | Reached skill level 5 in Maces & Flails
 11193 | D:8      | Noticed Maggie
 11204 | D:8      | Reached skill level 5 in Poison Magic
 11218 | D:8      | Reached ** piety under Okawaru
 11229 | D:8      | Killed Maggie
 11230 | D:8      | Reached skill level 6 in Fighting
 11451 | D:8      | Reached skill level 1 in Armour
 11988 | D:9      | Found a radiant altar of Vehumet.
 12337 | D:9      | Reached *** piety under Okawaru
 12567 | D:9      | Found a sparkling altar of Nemelex Xobeh.
 12573 | D:9      | Reached skill level 5 in Conjurations
 12667 | D:9      | Reached XP level 11. HP: 107/107 MP: 18/21
 12766 | D:9      | Found a snail-covered altar of Cheibriados.
 12802 | D:9      | Reached skill level 5 in Dodging
 13044 | D:9      | Found a bloodstained altar of Trog.
 13193 | D:9      | Gained mutation: Your magical capacity is low. (-10% MP)
                  | [potion of mutation]
 13193 | D:9      | Gained mutation: You are resistant to electric shocks.
                  | (rElec) [potion of mutation]
 13193 | D:9      | Gained mutation: You have sharp fingernails. [potion of
                  | mutation]
 13382 | D:10     | Entered Level 10 of the Dungeon
 13503 | D:10     | Noticed a two-headed ogre
 13537 | D:10     | Killed a two-headed ogre
 13537 | D:10     | Reached **** piety under Okawaru
 13538 | D:10     | Reached skill level 5 in Fire Magic
 13689 | D:10     | Found a huge runed translucent gate.
 13692 | D:10     | Found a huge runed translucent gate.
 13722 | D:10     | Found a huge runed translucent gate.
 13722 | D:10     | Noticed a manticore
 13723 | D:10     | Found a huge runed translucent gate.
 13760 | D:10     | Reached skill level 7 in Fighting
 13763 | D:10     | Killed a manticore
 13765 | D:10     | Reached ***** piety under Okawaru
 14325 | D:10     | Identified the +0 kite shield of Okawaru's Condemnation
                  | {*Corrode Will+++ Int+2} (Okawaru gifted it to you on level
                  | 10 of the Dungeon)
 14325 | D:10     | Received a gift from Okawaru
 14658 | D:10     | Reached XP level 12. HP: 83/119 MP: 12/20
 15149 | D:11     | Found a gate leading to a gauntlet.
 15188 | Gauntlet | Entered a Gauntlet
 15188 | Gauntlet | Found a transporter.
 15191 | Gauntlet | Found a transporter.
 15193 | Gauntlet | Found a transporter.
 15210 | Gauntlet | Found a transporter.
 15213 | Gauntlet | Noticed an entropy weaver
 15214 | Gauntlet | Found a transporter.
 15217 | Gauntlet | Found a runed translucent door.
 15217 | Gauntlet | Found a runed translucent door.
 15222 | Gauntlet | Found a transporter.
 15235 | Gauntlet | Found a transporter.
 15239 | Gauntlet | Noticed a five-headed hydra
 15248 | Gauntlet | Found a transporter.
 15256 | Gauntlet | Found a transporter.
 15256 | Gauntlet | Found a transporter.
 15277 | Gauntlet | Noticed a catoblepas
 15279 | Gauntlet | Found a transporter.
 15279 | Gauntlet | Found a transporter.
 15312 | Gauntlet | Found a transporter.
 15316 | Gauntlet | Found a runed translucent door.
 15344 | Gauntlet | Found a transporter.
 15489 | Gauntlet | Identified the +0 cloak "Ackepnu" {rPois rN++ Will- SInv}
 15521 | Gauntlet | Killed a five-headed hydra
 15769 | Gauntlet | Identified the +10 whip of the Loving Genius {heavy, Contam
                  | *Corrode rN+++ Str+3}
 15769 | Gauntlet | Noticed a minotaur
 15788 | Gauntlet | Killed a minotaur
 15797 | Gauntlet | Got the Handbook of Vitriolic Fire
 15797 | Gauntlet | Got the Folio of Radiant Turbulence
 16055 | D:11     | Reached skill level 8 in Fighting
 16474 | D:11     | Noticed a death yak
 16500 | D:11     | Killed a death yak
 16501 | D:11     | Reached skill level 5 in Invocations
 16503 | D:11     | Noticed a death yak
 16503 | D:11     | Noticed a death yak
 16524 | D:11     | Found a staircase to the Orcish Mines.
 16541 | D:11     | Noticed a two-headed ogre
 16610 | D:10     | Killed a death yak
 16811 | D:11     | Found a staircase to the Lair.
 17008 | D:11     | Identified the +2 short sword of Hot Atec {flame, Int+3}
 17171 | D:11     | Learned a level 6 spell: Starburst
 17206 | D:11     | Killed a death yak
 17447 | Orc:1    | Entered Level 1 of the Orcish Mines
 17468 | D:11     | Killed a two-headed ogre
 17497 | Orc:1    | Noticed Erica
 17630 | Orc:1    | Killed Erica
 17846 | D:11     | Received a gift from Okawaru
 17957 | D:11     | Paralysed by an orc sorcerer for 4 turns
 18236 | Orc:1    | Noticed an orc high priest
 18247 | Orc:1    | Identified the +3 great sword of Symeptol {holy, Fragile
                  | rPois rN++} (Okawaru gifted it to you on level 1 of the
                  | Orcish Mines)
 18247 | Orc:1    | Received a gift from Okawaru
 18257 | Orc:1    | Killed an orc high priest
 18354 | Orc:1    | Reached XP level 13. HP: 87/130 MP: 3/22
 18659 | Orc:2    | Entered Level 2 of the Orcish Mines
 18807 | Orc:2    | Found Samn's Book Shop.
 18818 | Orc:2    | Found a staircase to the Elven Halls.
 18903 | Orc:2    | Found an iron altar of Okawaru.
 18941 | Orc:2    | Reached skill level 9 in Fighting
 18951 | Orc:2    | Paralysed by an orc sorcerer for 5 turns
 19331 | Orc:2    | Found a dark tunnel.
 19340 | Volcano  | Entered a volcano
 19461 | Volcano  | Received a gift from Okawaru
 19679 | Volcano  | Learned a level 3 spell: Frozen Ramparts
 19751 | Volcano  | Reached skill level 1 in Ice Magic
 20089 | Orc:2    | Found Ikloh's Magic Scroll Shoppe.
 20089 | Orc:2    | Found Faot's Magic Scroll Emporium.
 20089 | Orc:2    | Found Oruux's Armour Emporium.
 20096 | Orc:2    | Found Abihijen's Antique Armour Shoppe.
 20121 | Orc:2    | Bought a scroll of amnesia for 48 gold pieces
 20124 | Orc:2    | Bought a scroll of enchant armour for 90 gold pieces
 20126 | Orc:2    | Bought a scroll of blinking for 97 gold pieces
 20126 | Orc:2    | Bought 2 scrolls of teleportation for 78 gold pieces
 20126 | Orc:2    | Bought a scroll of teleportation for 39 gold pieces
 20126 | Orc:2    | Bought a scroll of enchant weapon for 97 gold pieces
 20126 | Orc:2    | Bought a scroll of teleportation for 39 gold pieces
 20126 | Orc:2    | Bought a scroll of teleportation for 39 gold pieces
 20126 | Orc:2    | Bought a scroll of enchant weapon for 97 gold pieces
 20380 | Orc:2    | Bought Maxwell's Memoranda for 456 gold pieces
 20669 | Lair:1   | Entered Level 1 of the Lair of Beasts
 20923 | Lair:1   | Received a gift from Okawaru
 20944 | Lair:1   | Reached ****** piety under Okawaru
 21779 | Lair:1   | Reached skill level 10 in Fighting
 22672 | Lair:2   | Reached XP level 14. HP: 142/143 MP: 13/24
 22968 | Lair:2   | Received a gift from Okawaru
 23419 | Lair:2   | Received a gift from Okawaru
 23606 | Lair:2   | Found a staircase to the Snake Pit.
 24111 | Lair:3   | Found a staircase to the Swamp.
 24561 | Lair:3   | Found a frozen archway.
 24678 | IceCv    | Entered an ice cave
 24761 | IceCv    | Learned a level 5 spell: Fireball
 25611 | IceCv    | Reached skill level 5 in Air Magic
 26721 | IceCv    | Found an ancient bone altar of Kikubaaqudgha.
 26810 | IceCv    | Reached skill level 11 in Fighting
 26815 | IceCv    | HP: 6/146 [ice devil (5)]
 26816 | IceCv    | Slain by an ice devil

Illustrated notes

Levels and vault maps discovered:
D:1:      beargit_arrival_diablo_church, layout_basic, basic_ecumenical_altar,
          minmay_tiny_reverse_x
D:2:      layout_loops_ring, kennysheep_flooded_box, uniq_natasha
D:3:      minmay_recursive_quarters, layout_basic, brannock_xom_greatest_gift,
          minmay_goblin_kobold_house
D:4:      layout_basic, ebering_ghost_inner_flame
D:5:      minmay_general_purpose_star, layout_rooms,
          nicolae_wu_jian_immortal_techniques, minmay_temple_entry_glassed_door,
          serial_rivers, chequers_serial_rivers_large_a,
          chequers_serial_rivers_marsh, chequers_serial_rivers_small_3,
          chequers_serial_rivers_small_3, chequers_serial_rivers_small_3,
          chequers_serial_rivers_large_b, portal_sewer_entry_d, uniq_pikel,
          uniq_ijyb
D:6:      layout_basic, mainiacjoe_overflow_alcove_3, uniq_duvessa
D:7:      layout_loops_ring, nicolae_yredelemnul_corpse_copse,
          nicolae_zen_rock_garden, serial_bayou_ford_a
D:8:      layout_basic, grunt_gozag_statues, uniq_maggie
D:9:      layout_long_grid, mainiacjoe_overflow_24_doors, trog_hazing_becter,
          mainiacjoe_overflow_surrounded_room, mainiacjoe_overflow_chevrons
D:10:     lemuel_bear_cage, layout_loops_ring
D:11:     layout_irregular_city, dpeg_lair_monsters, orc_0_dummy,
          gauntlet_entry_generic, minivault_5
Temple:   nicolae_temple_two_arcs
Lair:1:   layout_gridlike, minivault_24
Lair:2:   layout_regular_city, nicolae_snake_entry_warm_welcome,
          serial_bayou_shore_a, grunt_megastairs_4, serial_bayou_shore_b
Lair:3:   layout_small_grid, minmay_swamp_entry_reptiles,
          portal_ice_cave_demonic_guard, maelrawn_ghost_gauntlet_escape
Orc:1:    layout_caves, uniq_erica
Orc:2:    st_orc_mages, layout_caves, lightli_volcano_entry_magma_tube,
          serial_shops, nicolae_diamond_shop, david_defended_altar_orc
IceCv:    ice_cave_small_necro

Skill      XL: |  1  2  3  4  5  6  7  8  9 10 11 12 13 14 |
---------------+-------------------------------------------+-----
Translocations | 1 2 3 |  3.0
Conjurations   | 1 2 3 4 5 6 7 8 |  8.0
Summonings     | 1 |  1.0
Dodging        | 2 3 4 5 6 7 |  7.8
Fighting       | 1 2 3 4 5 6 7 8 10 11 | 11.0
Spellcasting   | 4 5 6 7 8 9 |  9.8
Axes           | 1 2 |  2.6
Air Magic      | 1 2 3 5 |  5.3
Poison Magic   | 1 2 3 4 5 6 7 |  7.1
Fire Magic     | 1 2 3 4 5 7 8 |  8.0
Maces & Flails | 2 3 4 5 6 7 8 |  8.2
Invocations    | 1 3 4 5 6 7 |  7.7
Armour         | 2 3 4 |  4.0
Ice Magic      | 3 |  3.0
Stealth        | |  1.4

Action                     |  1- 3 |  4- 6 |  7- 9 | 10-12 | 13-15 || total
---------------------------+-------+-------+-------+-------+-------++-------
  Melee: Mace              |    81 |       |       |   101 |    71 ||   253
         Hand axe          |    15 |   169 |   108 |     3 |       ||   295
         Punch             |       |     1 |     5 |     7 |     9 ||    22
         Whip              |       |       |   124 |     2 |       ||   126
         Spear             |       |       |   106 |     4 |       ||   110
         Morningstar       |       |       |       |   255 |   417 ||   672
  Throw: Large rock        |       |     6 |    10 |     9 |    36 ||    61
   Cast: Magic Dart        |    11 |       |     1 |       |     3 ||    15
         Call Imp          |     2 |     8 |     8 |       |       ||    18
         Mephitic Cloud    |     1 |     4 |    17 |    17 |    10 ||    49
         Blink             |       |     5 |     8 |    15 |    22 ||    50
         Shock             |       |    30 |     4 |     1 |       ||    35
         Volatile Blastmot |       |    13 |     6 |    30 |     1 ||    50
         Olgreb's Toxic Ra |       |       |    19 |    80 |    72 ||   171
         Starburst         |       |       |       |     2 |     1 ||     3
         Frozen Ramparts   |       |       |       |       |    27 ||    27
         Fireball          |       |       |       |       |    26 ||    26
 Invoke: Heroism           |       |       |       |     4 |     6 ||    10
         Finesse           |       |       |       |     1 |       ||     1
  Evoke: Wand              |       |       |    11 |     6 |    32 ||    49
         Tin of tremorston |       |       |       |       |     2 ||     2
    Use: Scroll            |       |    10 |     2 |     1 |    17 ||    30
         Potion            |       |     7 |     2 |     3 |     9 ||    21
   Stab: Confused          |     1 |     2 |     2 |     3 |     4 ||    12
         Sleeping          |     1 |     2 |     1 |       |       ||     4
         Distracted        |       |       |     2 |       |       ||     2
         Paralysed         |       |       |       |       |    10 ||    10
 Armour: Robe              |    33 |    87 |   135 |    11 |    29 ||   295
         Skin              |       |    13 |       |       |       ||    13
         Acid dragon scale |       |       |       |   230 |   265 ||   495
  Dodge: Dodged            |   101 |   149 |   216 |   355 |   372 ||  1193

Table legend: (Time is in decaauts)
 A = Elapsed time spent in this place.
 B = Non-inter-level travel time spent in this place.
 C = Inter-level travel time spent in this place.
 D = Time resting spent in this place.
 E = Time spent auto-exploring this place.
 F = Levels seen in this place.
 G = Mean time per level.
                   A        B        C        D        E       F      G
               +--------+--------+--------+--------+--------+-----+--------+
         Total |  27072 |  26807 |    265 |   7522 |  10843 |  20 | 1353.6 |
       Dungeon |  17543 |  17288 |    255 |   4207 |   8344 |  11 | 1594.8 |
        Temple |     97 |     97 |      0 |      0 |      0 |   1 |   97.0 |
          Lair |   3873 |   3873 |      0 |    997 |   1929 |   3 | 1291.0 |
  Orcish Mines |   1972 |   1963 |      9 |    296 |    558 |   2 |  986.0 |
      Ice Cave |   2165 |   2165 |      0 |   1395 |     12 |   1 | 2165.0 |
       Volcano |    590 |    590 |      0 |    229 |      0 |   1 |  590.0 |
      Gauntlet |    829 |    829 |      0 |    398 |      0 |   1 |  829.0 |
               +--------+--------+--------+--------+--------+-----+--------+

Top non-repeatable levels by time:
   IceCv: 2165 daAuts
     D:7: 2123 daAuts
    D:11: 2101 daAuts
  Lair:2: 1867 daAuts
    D:10: 1844 daAuts
     D:2: 1825 daAuts
     D:4: 1750 daAuts
  Lair:1: 1723 daAuts
     D:5: 1611 daAuts
     D:9: 1586 daAuts
     D:1: 1373 daAuts
     D:3: 1295 daAuts
   Orc:2: 1147 daAuts
     D:8: 1130 daAuts
     D:6: 900 daAuts
